 Dungeon Crawl Stone Soup version 0.24.0-2-g5b39cebb1c (webtiles) character file.

Game seed: 3251421599620182943, levelgen mode: deterministic

583 Gruesph the Cleaver (level 7, -7/85 HPs)
             Began as a Minotaur Berserker on Oct 31, 2019.
             Was a Priest of Trog.
             Killed from afar by Ijyb (17 damage)
             ... with a bolt of acid
             ... on level 5 of the Dungeon.
             The game lasted 00:15:13 (4556 turns).

Gruesph the Cleaver (Minotaur Berserker)            Turns: 4556, Time: 00:15:14

Health: -7/85      AC:  0    Str: 28    XL:     7   Next: 14%
Magic:  6/6        EV:  9    Int:  4    God:    Trog [***...]
Gold:   362        SH:  0    Dex: 10    Spells: 6/6 levels left

rFire    . . .     SeeInvis .   a - +0 hand axe
rCold    . . .     Gourm    .   (no shield)
rNeg     . . .     Faith    .   p - +0 chain mail
rPois    .         Spirit   .   (helmet restricted)
rElec    .         Reflect  .   (no cloak)
rCorr    .         Harm     .   (no gloves)
MR       ++...                  (no boots)
Stlth    ..........             (no amulet)
HPRegen  1.24/turn              (no ring)
MPRegen  0.10/turn              (no ring)

@: berserking, corroded, regenerating, very quick
A: retaliatory headbutt, horns 2
a: Berserk, Trog's Hand, Renounce Religion


You were on level 5 of the Dungeon.
You worshipped Trog.
Trog was most pleased with you.
You were very hungry.

You visited 1 branch of the dungeon, and saw 6 of its levels.

You collected 362 gold pieces.

Inventory:

Hand Weapons
 a - a +0 hand axe (weapon)
Armour
 p - a +0 chain mail (worn)
 r - a +1 pair of boots
 t - a +2 cloak
 u - a +0 pair of gloves
Jewellery
 j - an uncursed amulet of harm {unknown}
 s - a cursed ring of attention {unknown}
Scrolls
 b - 6 scrolls of identify {unknown}
 d - 2 scrolls of blinking {unknown}
 f - 2 scrolls of teleportation {unknown}
 g - a scroll of immolation {unknown}
 h - a scroll of random uselessness {unknown}
 m - 3 scrolls of fog {unknown}
 o - a scroll of remove curse {unknown}
Potions
 e - a potion of curing {unknown}
 i - 2 potions of might {unknown}
 k - 5 potions of haste {unknown}
 l - a potion of brilliance {unknown}
 n - a potion of mutation {unknown}
 q - 2 potions of lignification {unknown}
Comestibles
 c - 5 rations


   Skills:
 - Level 3.6 Fighting
 + Level 9.9 Axes
 - Level 2.4 Armour
 - Level 2.1 Dodging


You had 6 spell levels left.
You didn't know any spells.
Your spell library was empty.

Dungeon Overview and Level Annotations

Branches:
Dungeon (6/15)
 Temple: D:4-7

Altars:
Yredelemnul

Shops:
D:5 }

Annotations:
D:5 Ijyb


Innate Abilities, Weirdness & Mutations

You reflexively headbutt those who attack you in melee.
You have a pair of horns on your head.


Message History

There is an open door here.
You open the door. You open the door.
Ijyb the Twisted Goblin comes into view.
She is wielding a +0 club and carrying a wand of acid (6).
Ijyb shouts!
Ijyb zaps a wand.
The bolt of acid hits you!! The acid corrodes you!
You are splashed with acid!
There is an open door here.
Your skin crawls.
You feel resistant to hostile enchantments.
You are feeling hungry.
Ijyb zaps a wand.
The bolt of acid hits you!
* * * LOW HITPOINT WARNING * * *
The acid corrodes you!
You are splashed with acid!
* * * LOW HITPOINT WARNING * * *
A red film seems to cover your vision as you go berserk!
You feel yourself moving faster!
You feel mighty!
You are feeling very hungry.
Ijyb zaps a wand.
The bolt of acid hits you!
You die...

#...## #.#....##########.#
#.
###..#####.#....##......##(#
#.
#........+....##......##.#
#.
##.#####.#....##......##.#
#. #..####'#.(..##......##.#
## ##.#.........##(###'###.#
#...........##.# #.###.# #
##..........##.###.....####
# #......##@###.............
# ##.##+###g##############'#
# #.. #..... #..... # ##
#####.#######..... ##
#......##..... .##
###......##..... .⌠#
.........##..... ∩.#
.#........''..... .⌠#
..........##.....


You could see Ijyb.

Vanquished Creatures
  A phantom (D:4)
  2 orc priests (D:4)
  An iguana (D:4)
  Terence (D:2)
  A gnoll shaman (D:5)
  3 orc wizards (D:4)
  3 worker ants (D:4)
  Robin (D:2)
  4 gnolls (D:5)
  5 adders
  An ooze (D:2)
  A worm (D:3)
  4 dart slugs
  A leopard gecko (D:2)
  15 orcs
  A ball python (D:1)
  3 giant cockroaches
  17 goblins
  9 hobgoblins
  10 kobolds
  2 quokkas
  4 bats
  4 frilled lizards
  7 rats
101 creatures vanquished.

Notes
Turn   | Place    | Note
-------+----------+-------------------------------------------
     0 | D:1      | Gruesph the Minotaur Berserker began the quest for the Orb.
     0 | D:1      | Reached XP level 1. HP: 19/19 MP: 0/0
    26 | D:1      | Reached skill level 4 in Axes
   264 | D:1      | Reached XP level 2. HP: 25/26 MP: 1/1
   463 | D:1      | You fall into a shaft and drop 1 floor!
   463 | D:2      | Noticed Terence
   498 | D:2      | Killed Terence
   498 | D:2      | Reached skill level 5 in Axes
   498 | D:2      | Reached XP level 3. HP: 17/31 MP: 2/2
   817 | D:1      | Reached ** piety under Trog
  1406 | D:2      | Found a faded altar of an unknown god.
  1410 | D:2      | Reached skill level 6 in Axes
  1410 | D:2      | Reached XP level 4. HP: 36/39 MP: 3/3
  1871 | D:2      | You fall into a shaft and drop 2 floors!
  1922 | D:4      | Noticed a phantom
  1923 | D:4      | Reached XP level 5. HP: 40/45 MP: 4/4
  1931 | D:3      | Reached skill level 7 in Axes
  2137 | D:2      | Noticed Robin
  2155 | D:2      | Killed Robin
  2638 | D:3      | Reached *** piety under Trog
  2986 | D:4      | Found a basalt altar of Yredelemnul.
  3067 | D:4      | Killed a phantom
  3067 | D:4      | Reached skill level 8 in Axes
  3067 | D:4      | Reached XP level 6. HP: 40/51 MP: 5/5
  3083 | D:5      | Entered Level 5 of the Dungeon
  3161 | D:4      | Reached skill level 9 in Axes
  3713 | D:5      | Reached XP level 7. HP: 55/57 MP: 6/6
  4390 | D:5      | Found Ongack's Gadget Shop.
  4553 | D:5      | Noticed Ijyb
  4556 | D:5      | Killed from afar by Ijyb

Levels and vault maps discovered:
D:1:      arrival_zaba_pyramid, layout_loops_corners
D:2:      layout_basic, chequers_ecumenical_altar_island, chequers_jeans,
          minmay_tiny_reverse_x, uniq_robin, uniq_terence
D:3:      layout_rooms
D:4:      layout_gridville, lemuel_altar_in_water
D:5:      lemuel_ice_spiral_2, layout_basic, first_ration, serial_shops,
          shop_fountains, serial_bayou_crossing, uniq_ijyb
D:6:      layout_loops_ring, gammafunk_temple_overflow_forgotten,
          minmay_temple_entry_fiery

Skill      XL: |  1  2  3  4  5  6 |
---------------+-------------------+-----
Axes           | 4 5 6 8 9 |  9.9
Fighting       | |  3.6
Armour         | |  2.4
Dodging        | |  2.1

Action                   |  1- 3 |  4- 6 |  7- 9 || total
-------------------------+-------+-------+-------++-------
Melee: Hand axe          |    70 |   171 |    15 ||   256
       Headbutt          |    12 |    25 |     1 ||    38
Invok: Berserk           |     2 |     2 |     2 ||     6
       Trog's Hand       |       |     1 |     1 ||     2
  Eat: Chunk             |     3 |    10 |     3 ||    16
Armor: Animal skin       |     1 |       |       ||     1
       Ring mail         |    19 |    26 |       ||    45
       Chain mail        |       |    28 |     5 ||    33
Dodge: Dodged            |    46 |    78 |     7 ||   131
